 Dungeon Crawl Stone Soup version 0.31-a0-1620-gcbf77bbcfc (webtiles) character file.

Game seed: 12747985119409307486

15345 ragingrage the Markshill orc (level 12, 0/94 HPs)
             Began as a Hill Orc Hunter on Jan 11, 2024.
             Was a High Priest of Fedhas.
             Slain by a polar bear (6 damage)
             ... in an ice cave.
             The game lasted 00:20:39 (14262 turns).

ragingrage the Markshill orc (Hill Orc Hunter)     Turns: 14262, Time: 00:20:40

Health: 0/94       AC: 18    Str: 25    XL:     12   Next: 26%
Magic:  0/18       EV: 10    Int:  4    God:    Fedhas [*****.]
Gold:   562        SH:  0    Dex: 16    Spells: 11/11 levels left

rFire   . . .        a - +0 orcbow
rCold   . . .        (shield currently unavailable)
rNeg    + . .        t - +3 scale mail of Hikiadus {rPois Str+6 Int-5}
rPois   +            F - +0 helmet
rElec   .            (no cloak)
rCorr   .            B - +1 pair of gloves
SInv    .            (no boots)
Will    .....        O - amulet of guardian spirit
Stlth   +            D - +4 ring of slaying
HPRegen 0.35/turn    R - ring "Liasytaf" {rN+ AC+4 Str+4 Dex-2}
MPRegen 0.16/turn

%: guardian spirit
@: no status effects
A: no striking features
a: Renounce Religion, Wall of Briars, Grow Ballistomycete, Overgrow, Grow Oklob


You were in an ice cave.
You worshipped Fedhas.
Fedhas was extremely pleased with you.
You visited 3 branches of the dungeon, and saw 14 of its levels.
You also visited: Ice Cave.

You collected 562 gold pieces.

Inventory:

Hand Weapons
 a - a +0 orcbow (weapon)
 b - a +2 dagger of venom
 A - a +1 whip of electrocution
Missiles
 E - 4 curare-tipped darts
Armour
 n - a +2 robe of positive energy
 t - the +3 scale mail of Hikiadus (worn) {rPois Str+6 Int-5}
   (You found it on level 5 of the Dungeon)

   Str+6:     It affects your strength (+6).
   Int-5:     It affects your intelligence (-5).
   rPois:     It protects you from poison
 B - a +1 pair of gloves (worn)
 F - a +0 helmet (worn)
 I - a +2 robe of cold resistance
 L - +0 steam dragon scales
 M - a +0 troll leather armour
 N - a +2 kite shield
Jewellery
 d - a ring of positive energy
 s - a ring of fire
 u - a ring of willpower
 D - a +4 ring of slaying (left hand)
 O - an amulet of guardian spirit (around neck)
 Q - an amulet of the acrobat
 R - the ring "Liasytaf" (right hand) {rN+ AC+4 Str+4 Dex-2}
   (You found it on level 1 of the Lair of Beasts)

   [ring of protection]

   AC+4:      It affects your AC (+4).
   Str+4:     It affects your strength (+4).
   Dex-2:     It affects your dexterity (-2).
   rN+:       It protects you from negative energy.
Wands
 v - a wand of roots (8)
 w - a wand of paralysis (5)
 G - a wand of polymorph (6)
 K - a wand of acid (7)
Scrolls
 c - a scroll of noise
 f - 6 scrolls of teleportation
 i - a scroll of butterflies
 l - 2 scrolls of amnesia
 m - 2 scrolls of torment
 o - 5 scrolls of immolation
 p - a scroll of summoning
 q - a scroll of fear {unknown}
 x - a scroll of poison {unknown}
 y - a scroll of enchant armour {unknown}
 z - 2 scrolls of vulnerability
Potions
 e - 5 potions of berserk rage
 g - a potion of enlightenment {unknown}
 h - 3 potions of brilliance
 j - a potion of mutation {unknown}
 k - 4 potions of curing
 r - a potion of ambrosia
 C - 2 potions of heal wounds
 J - a potion of attraction {unknown}
 P - a potion of lignification {unknown}
Miscellaneous
 H - a lightning rod (2/4)


   Skills:
 - Level 5.0 Fighting
 * Level 15.4 Ranged Weapons
 - Level 7.0 Armour
 - Level 1.5 Dodging
 - Level 2.0 Stealth
 + Level 8.1 Invocations
 - Level 3.0 Evocations


You had 11 spell levels left.
You didn't know any spells.
Your spell library contained the following spells:

 Spells                   Type           Power      Damage    Failure   Level
 Animate Armour           Summ/Erth      0%         N/A       100%        4
 Summon Lightning Spire   Summ/Air       0%         N/A       100%        4
 Lee's Rapid Deconstruct  Erth           0%         3d4*      100%        5


Dungeon Overview and Level Annotations

Branches:
Dungeon (12/15)            Temple (1/1) D:5            Lair (1/5) D:11
    Orc (0/2) D:10          IceCv (1/1)

Altars:
Ashenzari
Cheibriados
Dithmenos
Elyvilon
Fedhas
Gozag
Hepliaklqana
Kikubaaqudgha
Makhleb
Nemelex Xobeh
Okawaru
Qazlal
Ru
Sif Muna
Trog
Uskayaw
Vehumet
Wu Jian
Xom
Yredelemnul
Zin
The Shining One

Annotations:
D:2 Sigmund, Terence
D:4 Dowan, Duvessa
D:6 exclusion: door
D:9 Pikel
D:11 exclusion: 4 doors
Lair:1 1 exclusion


Message History

You barely miss the polar bear.
The polar bear bites you but does no damage.
The polar bear claws you but does no damage. x2
You hit the polar bear.
The polar bear looks as sick as possible!
The polar bear bites you but does no damage.
The polar bear completely misses you.
The polar bear claws you but does no damage.
Your +2 dagger of venom stops dripping with poison.
a - a +0 orcbow (weapon)
The polar bear bites you but does no damage.
The polar bear claws you.
The polar bear claws you but does no damage.
You shoot an arrow. The arrow hits the polar bear.
The polar bear completely misses you. The polar bear barely misses you. x2
You shoot an arrow.
The arrow hits the polar bear but does no damage.
You shoot an arrow. The arrow barely misses the polar bear.
The polar bear goes berserk!
You shoot an arrow. The arrow barely misses the polar bear.
The polar bear bites you!! The polar bear barely misses you.
The polar bear claws you but does no damage.
The polar bear bites you!! The polar bear closely misses you.
The polar bear claws you but does no damage.
You shoot an arrow.
The arrow hits the polar bear but does no damage.
The polar bear bites you!
* * * LOW HITPOINT WARNING * * *
The polar bear claws you but does no damage.
The polar bear closely misses you.
You shoot an arrow.
The arrow closely misses the polar bear.
The polar bear bites you!!
* * * LOW HITPOINT WARNING * * *
The polar bear claws you but does no damage.
The polar bear closely misses you.
You shoot an arrow. The arrow barely misses the polar bear.
The polar bear bites you!
You die...
Fedhas appreciates your contribution to the ecosystem.

### ##.## ##.h.##
#.....## ###
#...#.#..###.####
h.Y..#.###........###
#...### ###....@†..##
#### ##.#h..†∩.#
#######..# ####


You could see a polar bear (berserk, very poisoned).

Vanquished Creatures
  2 two-headed ogres (D:10)
  A boulder beetle (D:11)
  A deep elf pyromancer (D:12)
  2 manticores
  Joseph (D:8)
  An elephant (D:11)
  3 cane toads (Lair:1)
  An orange demon (Lair:1)
  2 gargoyles
  2 rime drakes (Lair:1)
  An unseen horror (D:10)
  3 trolls
  2 hornets
  Grinder (D:6)
  A shadow (D:11)
  A wyvern (D:11)
  14 yaks
  A wraith (D:12)
  A warg (D:10)
  2 basilisks (D:11)
  An acid dragon (D:12)
  2 water moccasins
  8 orc warriors
  An ice beast (D:6)
  5 centaurs
  2 phantoms
  2 lemures
  2 kobold brigands
  A brain worm (D:11)
  A gnoll sergeant (D:8)
  4 scorpions
  9 wights
  19 killer bees
  4 howler monkeys
  2 hounds
  2 bombardier beetles
  A gnoll bouda (D:6)
  9 orc priests
  4 iguanas
  A sleepcap (D:4)
  16 orc wizards
  7 adders
  12 gnolls
  4 shadow imps
  50 orcs
  9 bats
  5 endoplasms
  3 giant cockroaches
  2 goblins
  11 hobgoblins
  3 jackals (D:1)
  18 kobolds
  2 quokkas
  9 ball pythons
  7 frilled lizards
  9 rats
290 creatures vanquished.

Vanquished Creatures (collateral kills)
  2 wolves (IceCv)
  4 ballistomycete spores (D:12)
6 creatures vanquished.

Vanquished Creatures (others)
  An orc wizard (D:5)
1 creature vanquished.

Grand Total: 297 creatures vanquished

Notes
Turn   | Place    | Note
-------+----------+-------------------------------------------
     0 | D:1      | ragingrage the Hill Orc Hunter began the quest for the Orb.
     0 | D:1      | Reached XP level 1. HP: 18/18 MP: 1/1
    94 | D:1      | Reached skill level 4 in Ranged Weapons
    94 | D:1      | Reached XP level 2. HP: 25/25 MP: 2/2
   207 | D:1      | Reached skill level 1 in Stealth
   297 | D:1      | Found a faded altar of an unknown god.
   352 | D:1      | Reached XP level 3. HP: 30/30 MP: 3/3
  1016 | D:2      | Noticed Terence
  1058 | D:2      | Reached XP level 4. HP: 38/38 MP: 4/4
  1367 | D:2      | Noticed Sigmund
  2471 | D:4      | Noticed a scorpion
  2578 | D:4      | Reached skill level 5 in Ranged Weapons
  2578 | D:4      | Reached XP level 5. HP: 45/45 MP: 5/5
  2998 | D:4      | Noticed Duvessa
  2998 | D:4      | Noticed Dowan
  3574 | D:5      | Entered Level 5 of the Dungeon
  3615 | D:5      | Identified the +3 scale mail of Hikiadus {rPois Str+6
                  | Int-5}
  3634 | D:5      | Reached XP level 6. HP: 52/52 MP: 6/6
  4053 | D:5      | Reached skill level 6 in Ranged Weapons
  4153 | D:5      | Found a staircase to the Ecumenical Temple.
  4161 | Temple   | Entered the Ecumenical Temple
  4179 | Temple   | Became a worshipper of Fedhas Madash
  4353 | D:5      | Reached skill level 5 in Fighting
  4353 | D:5      | Reached XP level 7. HP: 26/61 MP: 7/7
  4993 | D:6      | Reached skill level 1 in Armour
  5119 | D:5      | Reached skill level 7 in Ranged Weapons
  5336 | D:6      | Noticed Grinder
  5387 | D:5      | Reached * piety under Fedhas
  5391 | D:5      | HP: 3/61 [shadow imp (4)]
  5391 | D:5      | HP: 1/61 [shadow imp (2)]
  5810 | D:6      | Reached XP level 8. HP: 62/68 MP: 8/8
  6139 | D:6      | Found an ornate altar of the Wu Jian Council.
  6162 | D:6      | Killed Grinder
  6163 | D:6      | Reached skill level 8 in Ranged Weapons
  6478 | D:6      | Found a basalt altar of Yredelemnul.
  6511 | D:6      | Reached skill level 9 in Ranged Weapons
  6846 | D:7      | Reached XP level 9. HP: 54/74 MP: 9/9
  6999 | D:7      | Reached skill level 10 in Ranged Weapons
  7071 | D:7      | Reached ** piety under Fedhas
  7072 | D:7      | Reached skill level 11 in Ranged Weapons
  8027 | D:8      | Reached skill level 12 in Ranged Weapons
  8207 | D:8      | Reached XP level 10. HP: 42/81 MP: 10/10
  8458 | D:8      | Noticed Joseph
  9035 | D:9      | Noticed Pikel
  9230 | D:9      | Reached skill level 1 in Invocations
  9395 | D:9      | Reached skill level 1 in Evocations
  9395 | D:9      | Reached *** piety under Fedhas
 10540 | D:10     | Entered Level 10 of the Dungeon
 10580 | D:10     | Noticed Sonja
 10583 | D:10     | Sonja changed into Sonja the hornet
 10583 | D:10     | Noticed Sonja
 10590 | D:10     | Killed Sonja the hornet
 10591 | D:10     | Reached skill level 13 in Ranged Weapons
 10660 | D:10     | Found a snail-covered altar of Cheibriados.
 10756 | D:10     | Reached **** piety under Fedhas
 10821 | D:10     | Noticed a two-headed ogre
 10829 | D:10     | Killed a two-headed ogre
 10922 | D:10     | Killed an unseen horror
 11178 | D:10     | Found a staircase to the Orcish Mines.
 11181 | D:10     | Reached skill level 5 in Invocations
 11203 | D:10     | Noticed Maggie
 11204 | D:10     | Maggie changed into Maggie the warg
 11204 | D:10     | Noticed Maggie
 11212 | D:10     | Killed Maggie the warg
 11365 | D:10     | Reached XP level 11. HP: 84/86 MP: 14/14
 11439 | D:10     | Noticed a two-headed ogre
 11459 | D:10     | Killed a two-headed ogre
 11460 | D:10     | Reached skill level 14 in Ranged Weapons
 11637 | D:10     | Reached skill level 5 in Armour
 11757 | D:10     | Found a stormy altar of Qazlal.
 11757 | D:10     | Found a sacrificial altar of Ru.
 11785 | D:10     | Reached ***** piety under Fedhas
 11839 | D:10     | Found a hazy altar of Hepliaklqana.
 11994 | D:8      | Killed Joseph
 12304 | D:11     | Noticed a manticore
 12555 | D:11     | Noticed a deep elf knight
 12609 | D:12     | Noticed a manticore
 12664 | D:12     | Noticed a deep elf pyromancer
 12672 | D:12     | Killed a deep elf pyromancer
 12680 | D:12     | Killed a manticore
 13008 | D:11     | Noticed Psyche
 13021 | D:11     | Psyche changed into Psyche the brain worm
 13021 | D:11     | Noticed Psyche
 13023 | D:11     | Killed Psyche the brain worm
 13345 | D:12     | Noticed a boulder beetle
 13583 | D:11     | Noticed a boulder beetle
 13596 | D:11     | Killed a boulder beetle
 13648 | D:11     | Killed a manticore
 13855 | D:11     | Found a staircase to the Lair.
 13874 | D:11     | Reached skill level 15 in Ranged Weapons
 13898 | Lair:1   | Entered Level 1 of the Lair of Beasts
 13913 | Lair:1   | Reached XP level 12. HP: 94/94 MP: 17/17
 14007 | Lair:1   | Identified the ring "Liasytaf" {rN+ AC+4 Str+4 Dex-2}
 14087 | Lair:1   | Noticed Amaemon
 14090 | Lair:1   | Amaemon changed into Amaemon the troll
 14090 | Lair:1   | Noticed Amaemon
 14097 | Lair:1   | Killed Amaemon the troll
 14105 | Lair:1   | Found a frozen archway.
 14159 | IceCv    | Entered an ice cave
 14262 | IceCv    | Slain by a polar bear

Illustrated notes

Levels and vault maps discovered:
D:1:      lightli_arrival_flooded_house, layout_loops_ring,
          hellmonk_ecumenical_altar_pennies_from_heaven
D:2:      layout_basic, uniq_terence, uniq_sigmund
D:3:      layout_basic
D:4:      layout_basic, ebering_dispersal_statue_hall, patterned_corridor,
          uniq_duvessa
D:5:      layout_loops_cross, temple_green
D:6:      layout_rooms, kennysheep_mini_moat,
          yredelemnul_forgotten_temple_becter, uniq_grinder
D:7:      layout_rooms
D:8:      layout_basic, uniq_joseph
D:9:      layout_basic, uniq_pikel
D:10:     layout_basic, mainiacjoe_overflow_concentric_impassable,
          gammafunk_temple_overflow_claw, hiddenorc2_lemuel,
          grunt_ministairs_14, uniq_maggie, uniq_sonja
D:11:     layout_rooms, david_lair_generic, nicolae_guarded_unrand_lochaber,
          uniq_psyche
D:12:     hellmonk_paralyzer, layout_irregular_city, nrook_mini_backslash
Temple:   nicolae_temple_superstar
Lair:1:   layout_loops_ring, portal_ice_cave_rime, beast_lair_carwin_4,
          uniq_amaemon
IceCv:    ice_cave_caverns_02

Skill      XL: |  1  2  3  4  5  6  7  8  9 10 11 12 |
---------------+-------------------------------------+-----
Ranged Weapons | 4 5 6 7 9 12 13 15 | 15.4
Stealth        | 1 2 |  2.0
Fighting       | 3 4 5 |  5.0
Armour         | 2 3 6 7 |  7.0
Invocations    | 5 7 8 |  8.1
Evocations     | 3 |  3.0
Dodging        | |  1.5

Action                     |  1- 3 |  4- 6 |  7- 9 | 10-12 || total
---------------------------+-------+-------+-------+-------++-------
  Melee: Dagger            |       |       |    41 |    43 ||    84
         Whip              |       |       |     2 |       ||     2
         Punch             |       |       |     2 |     1 ||     3
   Fire: Shortbow          |   117 |   203 |     5 |       ||   325
         Orcbow            |       |       |   328 |   534 ||   862
  Throw: Dart              |       |       |       |     4 ||     4
 Invoke: Grow Ballistomyce |       |       |       |     1 ||     1
         Wall of Briars    |       |       |       |     1 ||     1
  Evoke: Wand              |       |       |     4 |     9 ||    13
         Lightning rod     |       |       |       |     9 ||     9
    Use: Scroll            |       |       |     5 |     6 ||    11
         Potion            |       |       |     1 |     3 ||     4
   Stab: Paralysed         |       |       |     4 |       ||     4
 Armour: Leather armour    |    23 |    17 |       |       ||    40
         Robe              |       |     8 |       |       ||     8
         Scale mail        |       |    74 |   256 |   312 ||   642
  Dodge: Dodged            |    18 |    72 |   145 |   155 ||   390

Table legend: (Time is in decaauts)
 A = Elapsed time spent in this place.
 B = Non-inter-level travel time spent in this place.
 C = Inter-level travel time spent in this place.
 D = Time resting spent in this place.
 E = Time spent auto-exploring this place.
 F = Levels seen in this place.
 G = Mean time per level.
                   A        B        C        D        E       F      G
               +--------+--------+--------+--------+--------+-----+--------+
         Total |  14385 |  13341 |   1044 |   3957 |   6542 |  15 |  959.0 |
       Dungeon |  13998 |  12990 |   1008 |   3783 |   6498 |  12 | 1166.5 |
        Temple |     36 |      1 |     35 |      0 |      0 |   1 |   36.0 |
          Lair |    253 |    253 |      0 |    174 |      0 |   1 |  253.0 |
      Ice Cave |     95 |     95 |      0 |      0 |     44 |   1 |   95.0 |
               +--------+--------+--------+--------+--------+-----+--------+

Top non-repeatable levels by time:
     D:5: 1782 daAuts
     D:6: 1614 daAuts
    D:10: 1555 daAuts
     D:9: 1481 daAuts
     D:8: 1323 daAuts
     D:4: 1055 daAuts
    D:11: 1019 daAuts
     D:7: 1009 daAuts
     D:3: 934 daAuts
     D:2: 856 daAuts
     D:1: 779 daAuts
    D:12: 587 daAuts
  Lair:1: 253 daAuts
   IceCv: 95 daAuts
  Temple: 36 daAuts
